 Dungeon Crawl Stone Soup version 0.31-a0-662-g684573625c (webtiles) character file.

Game seed: 7723461535682465673

25 CarvArkoylaein the Grave Robber (level 2, -1/19 HPs)
             Began as a Demonspawn Necromancer on Sept 1, 2023.
             Slain by Terence
             ... wielding a +0 hand axe
              (6 damage)
             ... on level 2 of the Dungeon.
             The game lasted 00:12:38 (585 turns).

CarvArkoylaein the Grave Robber (DsNe)               Turns: 585, Time: 00:12:38

Health: -1/19      AC:  2    Str:  8    XL:     2   Next: 86%
Magic:  0/5        EV: 12    Int: 16    God:
Gold:   42         SH:  0    Dex: 13    Spells: 4/5 levels left

rFire   . . .        c - staff of cold
rCold   + . .        (no shield)
rNeg    . . .        a - +0 robe
rPois   .            (no helmet)
rElec   .            (no cloak)
rCorr   .            (no gloves)
SInv    .            (no boots)
Will    .....        (no amulet)
Stlth   ++           (no ring)
HPRegen 0.23/turn    (no ring)
MPRegen 0.09/turn

%: no passive effects
@: no status effects
A: claws 1
a: no special abilities


You were on level 2 of the Dungeon.
You visited 1 branch of the dungeon, and saw 2 of its levels.

You collected 42 gold pieces.

Inventory:

Missiles
 d - 4 poisoned darts
Armour
 a - a +0 robe (worn)
Magical Staves
 c - a staff of cold (weapon)
Scrolls
 g - a scroll of blinking
Potions
 b - a potion of magic
 e - 2 potions of berserk rage {unknown}


   Skills:
 + Level 2.0 Dodging
 + Level 1.9 Stealth
 + Level 2.2 Spellcasting
 + Level 5.0 Necromancy


You had 4 spell levels left.
You knew the following spells:

 Your Spells              Type           Power      Damage    Failure   Level
a - Necrotise             Necr           68%        1d7       2%          1

Your spell library contained the following spells:

 Spells                   Type           Power      Damage    Failure   Level
 Vampiric Draining        Necr           17%        2d7       8%          3
 Animate Dead             Necr           17%        N/A       26%         4
 Agony                    Necr           17%        N/A       56%         5


Dungeon Overview and Level Annotations

Branches:
Dungeon (2/15)

Altars:

Annotations:
D:2 Terence


Innate Abilities, Weirdness & Mutations

You have sharp fingernails.


Message History

You see here a ball python corpse.
Aiming: Necrotise (safe; 2% risk of failure)
Press: ? - help, Q - select action, (/) - cycle Shift-Dir - straight line Nothing appears to happen.
Aiming: Necrotise (safe; 2% risk of failure)
Press: ? - help, Q - select action, (/) - cycle Shift-Dir - straight line, f - Terence
Aim: Terence, wielding a +0 hand axe and wearing a +0 chain mail (chance to affect: 81%) Terence writhes in agony.
Aiming: Necrotise (safe; 2% risk of failure)
Press: ? - help, Q - select action, (/) - cycle Shift-Dir - straight line, f/p - Terence
Aim: Terence, wielding a +0 hand axe and wearing a +0 chain mail (lightly wounded, chance to affect: 81%) Terence writhes in agony.
Aiming: Necrotise (safe; 2% risk of failure)
Press: ? - help, Q - select action, (/) - cycle Shift-Dir - straight line, f/p - Terence
Aim: Terence, wielding a +0 hand axe and wearing a +0 chain mail (moderately wounded, chance to affect: 81%) Terence writhes in agony!
Aiming: Necrotise (safe; 2% risk of failure)
Press: ? - help, Q - select action, (/) - cycle Shift-Dir - straight line, f/p - Terence
Aim: Terence, wielding a +0 hand axe and wearing a +0 chain mail (severely wounded, chance to affect: 81%) Terence writhes in agony.
You barely miss Terence.
Terence is severely wounded.
Terence hits you with a +0 hand axe.
You don't have enough magic to cast this spell.
You hit Terence but do no damage.
Terence is severely wounded.
Terence hits you with a +0 hand axe! Terence completely misses you.
Terence closely misses you.
Found 2 bubbling cyan potions.
Terence attacks as he pursues you! Terence hits you with a +0 hand axe.
Terence misses you. Terence attacks as he pursues you!
Terence hits you but does no damage. Terence attacks as he pursues you!
Terence hits you with a +0 hand axe.
* * * LOW HITPOINT WARNING * * *
Aiming: Necrotise (safe; 2% risk of failure)
Press: ? - help, Q - select action, (/) - cycle Shift-Dir - straight line, f/p - Terence
Aim: Terence, wielding a +0 hand axe and wearing a +0 chain mail (severely wounded, chance to affect: 81%) Terence writhes in agony.
Terence hits you with a +0 hand axe.
You die...

#.###....# .......
#......#.####...##..
########....†.......
# ###...#....... #b
#..........#.. .
########.########
... .....##.#
#...###!.##.#####.#
#.....@@..........#
#..########.#######
#.# ... .... ######


You could see Terence.

Vanquished Creatures
  3 ball pythons
  An endoplasm (D:1)
  5 hobgoblins (D:1)
  2 jackals (D:1)
  2 kobolds (D:1)
  2 quokkas
  2 bats (D:1)
  3 frilled lizards
20 creatures vanquished.

Vanquished Creatures (collateral kills)
  A giant cockroach (D:1)
1 creature vanquished.

Grand Total: 21 creatures vanquished

Notes
Turn   | Place    | Note
-------+----------+-------------------------------------------
     0 | D:1      | CarvArkoylaein the Demonspawn Necromancer began the quest
                  | for the Orb.
     0 | D:1      | Reached XP level 1. HP: 13/13 MP: 3/3
   233 | D:1      | Gained mutation: You have sharp fingernails. [demonic
                  | ancestry]
   233 | D:1      | Reached XP level 2. HP: 19/19 MP: 5/5
   443 | D:1      | Reached skill level 5 in Necromancy
   565 | D:2      | Noticed Terence
   585 | D:2      | Slain by Terence

Illustrated notes

Levels and vault maps discovered:
D:1:      orjb1_lava_funnel, layout_loops_ring
D:2:      layout_basic, serial_aquarium, aquarium_bridge_square
          [aquarium_subvault_bridge, aquarium_subvault_wall,
          aquarium_subvault_bridge, aquarium_subvault_bridge],
          aquarium_window_corner, aquarium_window_corridor_3, aquarium_window_1,
          aquarium_view_2e, aquarium_view_2c, aquarium_pool_1,
          interstate_on_off, uniq_crazy_yiuf_cottage, uniq_terence, uniq_jessica

Skill      XL: |  1  2 |
---------------+-------+-----
Dodging        | 2 |  2.0
Necromancy     | 5 |  5.0
Stealth        | |  1.9
Spellcasting   | |  2.2

Action                     || total
---------------------------++-------
  Melee: Staff             ||    43
   Cast: Necrotise         ||    28
    Use: Scroll            ||     3
 Armour: Robe              ||    39
  Dodge: Dodged            ||    48

Table legend: (Time is in decaauts)
 A = Elapsed time spent in this place.
 B = Non-inter-level travel time spent in this place.
 C = Inter-level travel time spent in this place.
 D = Time resting spent in this place.
 E = Time spent auto-exploring this place.
 F = Levels seen in this place.
 G = Mean time per level.
                   A        B        C        D        E       F      G
               +--------+--------+--------+--------+--------+-----+--------+
         Total |    592 |    278 |    314 |    100 |      0 |   2 |  296.0 |
       Dungeon |    592 |    278 |    314 |    100 |      0 |   2 |  296.0 |
               +--------+--------+--------+--------+--------+-----+--------+

Top non-repeatable levels by time:
     D:1: 510 daAuts
     D:2: 81 daAuts
